 Dungeon Crawl Stone Soup version 0.29.1-15-g9cfb28693d (webtiles) character file.

Game seed: 7432041410273181

5 hawla the Firebug (level 2, 0/20 HPs)
             Began as a Meteoran Fire Elementalist on Mar 14, 2023.
             Slain by a hobgoblin (3 damage)
             ... on level 2 of the Dungeon.
             The game lasted 00:00:41 (187 turns).

hawla the Firebug (Meteoran Fire Elementalist)       Turns: 187, Time: 00:00:41

Health: 0/20       AC:  2    Str:  9    XL:     2   Next: 5%
Magic:  4/6        EV: 12    Int: 16    God:
Gold:   41         SH:  0    Dex: 14    Spells: 5/6 levels left

rFire   . . .      SeeInvis .   (no weapon)
rCold   . . .      Faith    .   (no shield)
rNeg    . . .      Spirit   .   a - +0 robe
rPois   .          Reflect  .   (no helmet)
rElec   .          Harm     .   (no cloak)
rCorr   .          Rampage  .   (no gloves)
Will    .....                   (no boots)
Stlth   +.........              (no amulet)
HPRegen 0.06/turn               (no ring)
MPRegen 0.10/turn               (no ring)

@: glowing
A: sense surroundings 1, otherworldly, glowing, explore regen
a: no special abilities


You were on level 2 of the Dungeon.
You visited 1 branch of the dungeon, and saw 2 of its levels.

You collected 41 gold pieces.

Inventory:

Armour
 a - a +0 robe (worn)
Potions
 b - a potion of magic


   Skills:
 + Level 2.4 Dodging
 - Level 1.4 Stealth
 + Level 2.8 Spellcasting
 + Level 1.5 Conjurations
 + Level 3.8 Fire Magic


You had 5 spell levels left.
You knew the following spells:

 Your Spells              Type           Power      Damage    Failure   Level
a - Foxfire               Conj/Fire      40%        2x1d6     6%          1

Your spell library contained the following spells:

 Spells                   Type           Power      Damage    Failure   Level
 Scorch                   Fire           28%        2d6       6%          2
 Summon Small Mammal      Summ           8%         N/A       19%         1
 Conjure Flame            Conj/Fire      10%        6-21      19%         3
 Inner Flame              Hex/Fire       8%         N/A       26%         3
 Call Canine Familiar     Summ           2%         N/A       50%         3
 Summon Guardian Golem    Hex/Summ       2%         N/A       50%         3
 Flame Wave               Conj/Fire      10%        2d6       54%         4


Dungeon Overview and Level Annotations

Branches:
Dungeon (2/15) Zot: 1012

Altars:


Innate Abilities, Weirdness & Mutations

You passively map a small area around you.
You are easily found by Zot.
You glow in the dark.
You regain HP and MP as you explore.


Message History

You kill the giant cockroach!
You see here a giant cockroach corpse.
Magic restored.
HP restored.
A goblin comes into view. It is wielding a +0 club.
Found 12 gold pieces and a stone.
The goblin shouts!
You hear a shout! x4
A hobgoblin comes into view.
You hear a shout!
Casting: Foxfire (safe; 6% risk of failure)
Confirm with . or Enter, or press ? or * to list all spells.
You conjure some foxfire!
The foxfire hits the goblin.
You kill the goblin!
Your foxfire dissipates!
Things that are here:
a +0 club; a goblin corpse An orc comes into view.
It is wielding a +0 hand axe.
An orc is nearby! 2 orcs and a goblin come into view.
The orc shouts! x3; The goblin shouts!
The goblin throws a stone.
The stone hits you.
A hobgoblin comes into view.
Found a long glowing staff.
The hobgoblin shouts!
The orc hits you with a +0 hand axe.
You hit the orc but do no damage.
The goblin throws a stone.
The stone hits you. The orc closely misses you.
Casting: Foxfire (safe; 6% risk of failure)
Confirm with . or Enter, or press ? or * to list all spells.
You conjure some foxfire!
The foxfire hits the goblin.
You kill the goblin!
The hobgoblin hits you but does no damage.
The foxfire hits the orc.
The orc is severely wounded.
You have reached level 2!
It was a potion of cancellation.
You feel magically purged. The orc hits you with a +0 hand axe.
* * * LOW HITPOINT WARNING * * *
The hobgoblin hits you.
You die...

, #†### * * , #.# ,
* #.##### , *
#####.....## ,
.............####
#.*#########..#.....
,#..#
#.#..##....#### ,
#|..##g##)#.#.## * *
*#..o@#.##....# *
,#.#.go#g###...# ,*
#o8.... #.#.# *
*#....#.##...# ,*
....#####.#.# ,
....## #...# ###.#
#.# # , .. ..# ,*#.#


You could see 3 orcs and 2 hobgoblins.

Vanquished Creatures
  An endoplasm (D:1)
  A giant cockroach (D:2)
  A ball python (D:1)
  2 goblins (D:2)
5 creatures vanquished.

Vanquished Creatures (others)
  9 foxfires
9 creatures vanquished.

Grand Total: 14 creatures vanquished

Notes
Turn   | Place    | Note
-------+----------+-------------------------------------------
     0 | D:1      | hawla the Meteoran Fire Elementalist began the quest for
                  | the Orb.
     0 | D:1      | Reached XP level 1. HP: 14/14 MP: 5/5
   187 | D:2      | Reached XP level 2. HP: 9/20 MP: 4/6
   187 | D:2      | Slain by a hobgoblin

Illustrated notes

Levels and vault maps discovered:
D:1:      minmay_arrival_widening_spiral_wide, layout_basic, serial_shops,
          nicolae_shop_trees, shapermc_ecumenical_altar_pompeii
D:2:      layout_loops_ring, guppyfry_early_orc_mine

Action                   || total
-------------------------++-------
Melee: Unarmed           ||     4
 Cast: Foxfire           ||     8
  Use: Scroll            ||     1
       Potion            ||     1
Armor: Robe              ||     2
Dodge: Dodged            ||     3
